 Dungeon Crawl Stone Soup version 0.31-a0-818-ge7c7cf74f0 (webtiles) character file.

Game seed: 5369787259699251788

709 LeprechaunX the Changeling (level 7, -1/47 HPs)
             Began as an Octopode Shapeshifter on Sept 22, 2023.
             Slain by a lemure (8 damage)
             ... led by Pikel
             ... on level 4 of the Dungeon.
             The game lasted 00:05:41 (3387 turns).

LeprechaunX the Changeling (Octopode Shapeshifter)  Turns: 3387, Time: 00:05:42

Health: -1/47      AC:  1    Str: 16    XL:     7   Next: 68%
Magic:  7/7        EV: 14    Int: 12    God:
Gold:   275        SH:  0    Dex: 11    Spells: 6/6 levels left

rFire   . .          .
                       - Unarmed
rCold   . . .        (no shield)
rNeg    . . .        (helmet currently unavailable)
rPois   .            (no amulet)
rElec   .            g - ring of willpower
rCorr   .            (no ring)
SInv    .            (no ring)
Will    +....        (no ring)
Stlth   ++           (no ring)
HPRegen 0.27/turn    (no ring)
MPRegen 0.10/turn    (no ring)
                     (no ring)

%: no passive effects
@: beast-form
A: beast (slay +3), almost no armour, amphibious, 8 rings, camouflage 1,
gelatinous body 1, (nimble swimmer 1), tentacles
a: Begin Untransformation


You were on level 4 of the Dungeon.
You were a hulking beast.
You visited 1 branch of the dungeon, and saw 4 of its levels.
You also visited: Sewer.

You collected 275 gold pieces.

Inventory:

Hand Weapons
 a - a +0 sling
Missiles
 i - 3 javelins
Jewellery
 g - a ring of willpower (left tentacle)
Talismans
 b - a beast talisman (active)
 c - a flux talisman
Scrolls
 d - 9 scrolls of identify {unknown}
 k - a scroll of silence {unknown}
 o - a scroll of noise
 p - a scroll of brand weapon {unknown}
 q - a scroll of torment {unknown}
Potions
 e - 3 potions of heal wounds {unknown}
 f - 5 potions of haste {unknown}
 j - 2 potions of lignification
 l - 3 potions of brilliance {unknown}
 m - 6 potions of enlightenment
 n - a potion of mutation


   Skills:
 + Level 3.7 Fighting
 + Level 4.0 Dodging
 + Level 4.7 Unarmed Combat
 * Level 5.6 Shapeshifting


You had 6 spell levels left.
You didn't know any spells.
Your spell library contained the following spells:

 Spells                   Type           Power      Damage    Failure   Level
 Kiss of Death            Conj/Necr      0%         2d5       32%         1
 Blink                    Tloc           0%         N/A       45%         2
 Cigotuvi's Dreadful Rot  Necr/Pois/Air  0%         N/A       45%         2
 Confusing Touch          Hex            0%         N/A       69%         3
 Ignite Poison            Fire/Tmut/Pois 0%         N/A       69%         3
 Cause Fear               Hex            0%         N/A       97%         4
 Dispel Undead            Necr           0%         3d6       97%         4
 Manifold Assault         Tloc           0%         N/A       97%         4
 Fireball                 Conj/Fire      0%         3d3       100%        5
 Freezing Cloud           Conj/Ice/Air   0%         6-21      100%        5
 Dragon's Call            Summ           0%         N/A       100%        9


Dungeon Overview and Level Annotations

Branches:
Dungeon (4/15)              Sewer (visited)
 Temple: D:4-7

Altars:
Okawaru
Qazlal
Zin

Shops:
D:4 (=

Annotations:
D:4 Pikel


Innate Abilities, Weirdness & Mutations

You are a hulking beast.
Your limbs bulge with bestial killing power. (Slay +3)
You cannot wear most types of armour.
You are amphibious.
You can wear up to eight rings at the same time.
Your skin changes colour to match your surroundings (Stealth+).
Your rubbery body absorbs attacks. (AC +1, EV +1)
((You are camouflaged when in or above water. (Stealth+)))
You have tentacles for arms and can constrict up to eight enemies at once.


Message History

The black bear is almost dead.
You constrict the black bear.
You kill the black bear!
Your Dodging skill increases to level 4!
You start resting.
HP restored.
Pikel, Merchant of Souls comes into view.
He is wielding a +1 whip of flaming and wearing a +2 robe of willpower.
Pikel is nearby!
Pikel is nearby!
Pikel is nearby!
Pikel shouts!
Pikel barely misses you.
You hear a shout!
You tentacle-slap Pikel but do no damage.
You grab Pikel. You constrict Pikel.
You tentacle-slap Pikel but do no damage.
Pikel is lightly wounded.
You constrict Pikel, but do no damage.
Pikel hits you with a +1 whip of flaming.
Pikel burns you.
You tentacle-slap Pikel. You squeeze Pikel, but do no damage.
Pikel is lightly wounded.
You constrict Pikel, but do no damage.
Pikel hits you with a +1 whip of flaming!
Pikel burns you.
You tentacle-slap Pikel but do no damage.
Pikel is lightly wounded.
You constrict Pikel, but do no damage.
Pikel hits you with a +1 whip of flaming!
Pikel burns you.
You tentacle-slap Pikel but do no damage.
You squeeze Pikel, but do no damage.
Pikel is lightly wounded.
You constrict Pikel.
Pikel hits you with a +1 whip of flaming!
* * * LOW HITPOINT WARNING * * *
Pikel burns you.
* * * LOW HITPOINT WARNING * * *
The lemure hits you!
You die...

#.........#######..#
#.................##
#..5..........##..#####
#..................
.####...##########
#.#........ ###
#.########. .....####.#
#....Kh..# #..####5.#
#....#...# ##......#.#
#.......#.. ## .
#.......##... ..## #
#....<....... ..#
########.......###...
..# # #......#.......##
#.# .#


You could see Pikel and a lemure.

Vanquished Creatures
  Duvessa (D:4)
  A black bear (D:4)
  An ogre (D:4)
  3 lemures (D:4)
  Dowan (D:4)
  3 hounds (D:4)
  A sleepcap (D:4)
  Natasha (D:4)
  6 river rats
  9 adders
  2 worms (D:2)
  4 dart slugs
  6 orcs
  12 bats
  7 endoplasms
  3 giant cockroaches
  5 hobgoblins
  2 jackals (Sewer)
  3 kobolds
  7 quokkas
  13 ball pythons
  4 frilled lizards
  4 goblins
  6 rats
105 creatures vanquished.

Notes
Turn   | Place    | Note
-------+----------+-------------------------------------------
     0 | D:1      | LeprechaunX the Octopode Shapeshifter began the quest for
                  | the Orb.
     0 | D:1      | Reached XP level 1. HP: 13/13 MP: 1/1
    58 | D:1      | Reached XP level 2. HP: 16/18 MP: 2/2
   332 | D:1      | Reached XP level 3. HP: 20/23 MP: 3/3
   609 | D:2      | Found a glowing silver altar of Zin.
  1572 | D:3      | Found an iron altar of Okawaru.
  1574 | D:3      | Reached XP level 4. HP: 29/29 MP: 4/4
  1895 | D:3      | Found a faded altar of an unknown god.
  1936 | D:4      | Found Nefey's Antique Weapon Emporium.
  2026 | D:4      | Found a stormy altar of Qazlal.
  2051 | D:4      | Noticed a centaur
  2073 | D:4      | Noticed an ogre
  2082 | D:4      | Killed an ogre
  2083 | D:4      | Reached skill level 4 in Shapeshifting
  2083 | D:4      | Reached XP level 5. HP: 18/35 MP: 5/5
  2132 | D:4      | Found Huin's Jewellery Shoppe.
  2170 | D:4      | Noticed a lemure
  2170 | D:4      | Noticed a lemure
  2182 | D:4      | Killed a lemure
  2185 | D:4      | Noticed a lemure
  2187 | D:4      | Noticed a lemure
  2198 | D:4      | Killed a lemure
  2217 | D:4      | Reached XP level 6. HP: 12/41 MP: 6/6
  2238 | D:4      | Found a glowing drain.
  2247 | D:4      | HP: 1/41 [dart slug/slug dart (6)]
  2296 | Sewer    | Entered a sewer
  2994 | D:4      | Noticed Natasha
  3019 | D:4      | Killed Natasha
  3055 | D:4      | Noticed Dowan
  3055 | D:4      | Noticed Duvessa
  3072 | D:4      | Noticed a black bear
  3083 | D:4      | Reached skill level 5 in Shapeshifting
  3083 | D:4      | Reached XP level 7. HP: 28/46 MP: 7/7
  3089 | D:4      | Killed Duvessa
  3232 | D:4      | Killed Dowan
  3380 | D:4      | Noticed Pikel
  3387 | D:4      | Slain by a lemure

Illustrated notes

Levels and vault maps discovered:
D:1:      dpeg_arrival_rooms_b, layout_rooms
D:2:      layout_loops_ring, basic_altar
D:3:      layout_basic, okawaru_metal_pillars_3,
          shapermc_ecumenical_altar_petra, dreamdust_princess_corridor
D:4:      layout_rooms, grunt_qazlal_sundering, portal_sewer_entry_c,
          serial_shops, nicolae_square_shop, shop, nicolae_book_shop_shelving,
          shop, uniq_natasha, uniq_crazy_yiuf_cottage, uniq_duvessa, uniq_pikel

Skill      XL: |  1  2  3  4  5  6  7 |
---------------+----------------------+-----
Fighting       | 2 3 |  3.7
Dodging        | 3 4 |  4.0
Shapeshifting  | 4 5 |  5.6
Unarmed Combat | 4 |  4.7

Action                     |  1- 3 |  4- 6 |  7- 9 || total
---------------------------+-------+-------+-------++-------
  Melee: Unarmed           |    68 |   133 |    21 ||   222
         Tentacles         |    13 |    25 |     7 ||    45
         Constrict         |    15 |    40 |     5 ||    60
         Punch             |     2 |     2 |     1 ||     5
   Fire: Sling             |     2 |       |       ||     2
  Throw: Throwing net      |       |       |     1 ||     1
   Stab: Sleeping          |    10 |    10 |       ||    20
 Armour: Skin              |    23 |    64 |    13 ||   100
  Dodge: Dodged            |    31 |    95 |    16 ||   142

Table legend: (Time is in decaauts)
 A = Elapsed time spent in this place.
 B = Non-inter-level travel time spent in this place.
 C = Inter-level travel time spent in this place.
 D = Time resting spent in this place.
 E = Time spent auto-exploring this place.
 F = Levels seen in this place.
 G = Mean time per level.
                   A        B        C        D        E       F      G
               +--------+--------+--------+--------+--------+-----+--------+
         Total |   3369 |   3211 |    158 |    532 |   1803 |   5 |  673.8 |
       Dungeon |   2685 |   2527 |    158 |    353 |   1492 |   4 |  671.2 |
         Sewer |    684 |    684 |      0 |    179 |    311 |   1 |  684.0 |
               +--------+--------+--------+--------+--------+-----+--------+

Top non-repeatable levels by time:
     D:4: 766 daAuts
     D:2: 723 daAuts
   Sewer: 684 daAuts
     D:1: 604 daAuts
     D:3: 591 daAuts
